AoeStats
← кислород

Arabia

508921953Analyzed
1v1 RM · 7d ago on Sep 24, 2026· 26m 48s· 2 players
Game mode
Random Map
Map size
Tiny (2 player)
Population
200
Speed
Normal
Resources
Standard
Victory
Conquest
Starting age
Dark Age
Ending age
Imperial Age
RankedLock teamsTeams togetherTeam positionsShared explorationLock speedFull tech treeHidden civsTurbo modeCheats
Victory
Defeat
🇨🇦 Khitans · Canada
2090
+12
🇫🇷 Magyars · France
2006
-12
Riut
6:01 Loom
10:25 Feudal Age
11:09 Double-Bit Axe
13:51 Horse Collar
24:04 Castle Age
22:27 Gold Mining
23:05 Bloodlines
23:29 Fletching
кислород
12:03 Feudal Age
10:18 Loom
13:41 Double-Bit Axe
14:26 Forging
15:25 Domestication
20:48 Wheelbarrow
22:13 Castle Age
21:05 Scale Barding Armor
22:35 Light Cavalry
24:57 Iron Casting
26:45 Chain Barding Armor
Connection lost

Rejoining the realm…

Still unreachable

The connection could not be restored.

Session expired

The server has moved on; the page needs a fresh start.